 Dungeon Crawl Stone Soup version 0.23.0 (webtiles) character file.

Game seed: 10413576812477986788

96 Gargoyl the Skirmisher (level 4, -8/38 HPs)
             Began as a Centaur Abyssal Knight on Feb 9, 2019.
             Was a Believer of Lugonu.
             Mangled by Crazy Yiuf
             ... wielding a +4 quarterstaff of chaos
              (20 damage)
             ... on level 2 of the Dungeon.
             The game lasted 00:03:43 (2901 turns).

Gargoyl the Skirmisher (Centaur Abyssal Knight)     Turns: 2901, Time: 00:03:44

Health: -8/38      AC:  7    Str: 14    XL:     4   Next: 41%
Magic:  5/5        EV:  3    Int: 11    God:    Lugonu [**....]
Gold:   121        SH:  3    Dex: 10    Spells: 3/3 levels left

rFire    . . .     SeeInvis .   a - +1 hand axe
rCold    . . .     Gourm    .   j - +0 buckler
rNeg     . . .     Faith    .   h - +0 chain mail
rPois    .         Spirit   .   (no helmet)
rElec    .         Reflect  .   (no cloak)
rCorr    +         Harm     .   (no gloves)
MR       +....                  (no barding)
Stlth    ..........             (no amulet)
HPRegen  0.12/turn              d - ring of protection from magic
MPRegen  0.09/turn              f - ring of resist corrosion

@: slowed
A: large, hooves 3, deformed body, speed 2, tough skin 3
a: Depart the Abyss, Bend Space, Renounce Religion


You were on level 2 of the Dungeon.
You worshipped Lugonu.
Lugonu was pleased with you.
You were hungry.

You visited 1 branch of the dungeon, and saw 2 of its levels.
You visited the Abyss 1 time.

You collected 121 gold pieces.

Inventory:

Hand Weapons
 a - a +1 hand axe (weapon)
Armour
 h - a +0 chain mail (worn)
 j - a +0 buckler (worn)
Jewellery
 d - a ring of protection from magic (left hand)
 f - a ring of resist corrosion (right hand)
Scrolls
 g - a scroll of enchant weapon {unknown}
 i - 2 scrolls of identify
Potions
 b - a potion of curing {unknown}
 e - 3 potions of magic
 l - a potion of lignification {unknown}
 m - 2 potions of degeneration {unknown}
Comestibles
 c - 5 rations


   Skills:
 + Level 3.4 Fighting
 + Level 2.8 Axes
 * Level 2.2 Armour
 * Level 1.1 Dodging
 * Level 2.4 Invocations


You had 3 spell levels left.
You didn't know any spells.
Your spell library was empty.

Dungeon Overview and Level Annotations

Branches:
Dungeon (2/15)

Altars:
Trog

Annotations:
D:2 Crazy Yiuf


Innate Abilities, Weirdness & Mutations

You have hooves in place of feet.
Armour fits poorly on your strangely shaped body.
You cover ground very quickly.
You have extremely tough skin. (AC +3)


Message History

There is a stone staircase leading up here.
You open the door.
Crazy Yiuf hits you with a +4 quarterstaff of chaos!
You feel yourself slow down.
There is an open translucent door, spattered with blood here.
You hit Crazy Yiuf. Your kick misses Crazy Yiuf.
Crazy Yiuf is moderately wounded.
Crazy Yiuf hits you but does no damage.
You barely miss Crazy Yiuf.
Crazy Yiuf is moderately wounded.
Crazy Yiuf grits, "Action sing verde!"
Crazy Yiuf barely misses you.
Crazy Yiuf hits you with a +4 quarterstaff of chaos!
Your chain mail prevents you from hitting Crazy Yiuf.
Crazy Yiuf is moderately wounded.
Crazy Yiuf sings, "Trees, trees, trees, circus!"
Crazy Yiuf hits you with a +4 quarterstaff of chaos.
You are electrocuted!!
Ouch! That really hurt!
You die...

.<..........#.<#.......#
#......
........#...#..#.#.....#
#......
..#######...#<.#.#.....#
#...... #.##
################ #.#...#
##.# #...... #.###
######## ####.##
....###.#..#.### ####
#.#
............#..##...#
### #.#
.##.#......####.@g..#
#.######.# .##.#...#.##
###..)# #........#
....#.##### ####
#.######## ##..#..# ###
.......# ##.###.#######
#.#.......##.#
##.###.##.##.#
.#####.##.##.#


You could see Crazy Yiuf.

Vanquished Creatures
  Terence (D:2)
  An adder (D:2)
  An ooze (D:1)
  A worm (D:2)
  2 dart slugs
  3 leopard geckos
  A ball python (D:1)
  2 giant cockroaches
  8 goblins
  7 hobgoblins
  4 kobolds
  11 bats
  7 frilled lizards
  5 rats
54 creatures vanquished.

Notes
Turn   | Place    | Note
-------+----------+-------------------------------------------
     0 | Abyss:1  | Gargoyl the Centaur Abyssal Knight began the quest for the
                  | Orb.
     0 | Abyss:1  | Reached XP level 1. HP: 19/19 MP: 2/2
    58 | Abyss:1  | Noticed a jelly
    61 | Abyss:1  | Noticed a small abomination
    75 | Abyss:1  | Noticed a rust devil
    76 | Abyss:1  | Noticed a sky beast
    78 | Abyss:1  | Noticed a glowing orange brain
   108 | Abyss:1  | Noticed an ettin skeleton
   120 | Abyss:1  | Noticed a wraith
   124 | D:1      | Escaped the Abyss
   531 | D:1      | Reached XP level 2. HP: 21/26 MP: 3/3
   734 | D:1      | Reached * piety under Lugonu
   879 | D:1      | Reached skill level 1 in Dodging
  1395 | D:1      | Reached XP level 3. HP: 28/31 MP: 4/4
  2186 | D:2      | Found a bloodstained altar of Trog.
  2268 | D:2      | Noticed Terence
  2276 | D:2      | Killed Terence
  2276 | D:2      | Reached ** piety under Lugonu
  2276 | D:2      | Reached XP level 4. HP: 28/38 MP: 5/5
  2589 | D:2      | Found a runed translucent door.
  2590 | D:2      | Noticed Crazy Yiuf
  2901 | D:2      | Mangled by Crazy Yiuf

Skill      XL: |  1  2  3 |
---------------+----------+-----
Dodging        | 1 |  1.1
Axes           | 2 |  2.8
Armour         | 2 |  2.2
Fighting       | |  3.4
Invocations    | |  2.4

Action                   |  1- 3 |  4- 6 || total
-------------------------+-------+-------++-------
Melee: Hand axe          |   120 |    26 ||   146
       Kick              |    18 |     1 ||    19
Invok: Depart the Abyss  |     1 |       ||     1
  Use: Scroll            |       |     3 ||     3
  Eat: Chunk             |     3 |     1 ||     4
Armor: Ring mail         |    46 |       ||    46
       Leather armour    |     1 |       ||     1
       Chain mail        |     7 |    18 ||    25
Dodge: Dodged            |    51 |     5 ||    56
Block: Buckler           |     3 |     2 ||     5
